AoeStats
← 海峡

Four Lakes

509309126Analyzed
1v1 RM · 7d ago on Sep 26, 2026· 28m 48s· 2 players
Game mode
Random Map
Map size
Tiny (2 player)
Population
200
Speed
Normal
Resources
Standard
Victory
Conquest
Starting age
Dark Age
Ending age
Imperial Age
RankedLock teamsTeams togetherTeam positionsShared explorationLock speedFull tech treeHidden civsTurbo modeCheats
Victory
Defeat
🇨🇳 Inca · China
1610
+19
🇪🇸 Dravidians · Spain
1680
-19
海峡
5:09 Loom
11:50 Feudal Age
12:21 Double-Bit Axe
16:15 Castle Age
14:23 Gold Mining
13:55 Champi Runner
14:28 Fishing Lines
14:34 Fishing Lines
16:27 Scale Mail Armor
17:06 Champi Warrior
19:28 Forging
19:35 Chain Mail Armor
20:28 Arson
26:00 Squires
27:14 Forging
Aleixofempires
7:05 Loom
9:49 Feudal Age
10:20 Double-Bit Axe
13:50 Fletching
20:27 Castle Age
18:40 Gold Mining
20:29 Crossbowman
21:05 Bodkin Arrow
25:51 Bow Saw
26:47 Fishing Lines
27:46 Ballistics
Connection lost

Rejoining the realm…

Still unreachable

The connection could not be restored.

Session expired

The server has moved on; the page needs a fresh start.